 Dungeon Crawl Stone Soup version 0.31.0-9-g3a7656b989 (webtiles) character file.

Game seed: 16091166433977456694

694 qw the Shooter (level 7, -1/35 HPs)
             Began as a Spriggan Hunter on Feb 2, 2024.
             Slain by a troll (14 damage)
             ... on level 5 of the Dungeon.
             The game lasted 00:00:16 (3497 turns).

qw the Shooter (Spriggan Hunter)                    Turns: 3497, Time: 00:00:16

Health: -1/35      AC:  2    Str:  7    XL:     7   Next: 37%
Magic:  8/8        EV: 22    Int: 10    God:
Gold:   313        SH:  0    Dex: 21    Spells: 6/6 levels left

rFire   . . .        a - +1 shortbow
rCold   . . .        (shield currently unavailable)
rNeg    . . .        c - +0 robe
rPois   .            (helmet restricted)
rElec   .            (no cloak)
rCorr   .            (gloves unavailable)
SInv    +            (boots unavailable)
Will    +....        (no amulet)
Stlth   ++           (no ring)
HPRegen 0.25/turn    (no ring)
MPRegen 0.11/turn

%: no passive effects
@: very quick
A: very small, no large weapons, unfitting armour, see invisible, speed 3
a: no special abilities


You were on level 5 of the Dungeon.
You visited 1 branch of the dungeon, and saw 6 of its levels.

You collected 313 gold pieces.


Innate Abilities, Weirdness & Mutations

You are very small and have problems with some larger weapons.
You are too small for most types of armour.
You have supernaturally acute eyesight. (SInv)
You cover ground extremely quickly. (Speed+++)


   Skills:
 - Level 2.0 Fighting
 + Level 7.3 Ranged Weapons
 - Level 7.1 Dodging
 - Level 1.5 Stealth


You had 6 spell levels left.
You didn't know any spells.
Your spell library was empty.

Inventory:

Hand Weapons
 a - a +1 shortbow (weapon)
Armour
 c - a +0 robe (worn)
Potions
 b - a potion of heal wounds
 e - a potion of resistance
 f - a potion of invisibility {unknown}
 g - a potion of mutation
 h - a potion of might {unknown}

Dungeon Overview and Level Annotations

Branches:
Dungeon (6/15)
 Temple: D:4-7

Altars:
The Shining One

Annotations:
D:6 Prince Ribbit


Message History

A shadow imp comes into view.
You shoot an arrow. The arrow barely misses the shadow imp.
The shadow imp shouts!
You shoot an arrow. The arrow barely misses the shadow imp.
You shoot an arrow. The arrow hits the shadow imp!
You kill the shadow imp!
You see here an adder corpse.
A troll comes into view.
Found a sling, 14 stones and a serpent talisman.
The troll shouts!
You hear an angry growl.
You shoot an arrow. The arrow closely misses the troll.
You shoot an arrow. The arrow hits the troll.
The troll is lightly wounded.
You shoot an arrow. The arrow hits the troll!
The troll is moderately wounded.
You shoot an arrow.
The arrow hits the troll but does no damage.
The troll is moderately wounded.
You shoot an arrow. The arrow hits the troll.
The troll is moderately wounded.
You shoot an arrow. The arrow hits the troll!
The troll is heavily wounded.
You shoot an arrow. The arrow hits the troll!
The troll is severely wounded.
The troll barely misses you. The troll closely misses you.
The troll completely misses you.
You shoot an arrow. The arrow hits the troll!
The troll is severely wounded.
The troll closely misses you. The troll completely misses you.
The troll misses you.
You shoot an arrow. The arrow hits the troll.
The troll is almost dead.
The troll completely misses you. The troll claws you!
The troll completely misses you.
You shoot an arrow. The arrow hits the troll.
The troll is almost dead.
The troll barely misses you. The troll misses you. The troll claws you.
You shoot an arrow. The arrow closely misses the troll.
The troll bites you. The troll completely misses you. The troll claws you!
You die...

##.#....##.#.##
##.#.##
.......##.#.##
#. #.##.#.#
##.#.#.#.#.##
|.#.##.#.##
##.#.#..#.##
(#.##.#.##
...#.#...## ##
#(.##.#.##
####.##.##
##.#.)##.#.##
..##...##
#.#..##.#.##
### #.#####
#.#T#.#.## ##.#
#.# #@#.#.##
##..# #>##
##.#%##
##...### ...#
##.## ##.......
##.# ###
##........ ##.#
#......... ##.#
##.#....## ##.#
#.#....# ...#
###.#...)##
####
###.........#


You could see a troll.

Vanquished Creatures
  An ogre (D:4)
  3 scorpions
  3 hounds
  3 orc wizards
  Jessica (D:2)
  A sleepcap (D:5)
  Robin (D:2)
  7 adders
  A shadow imp (D:5)
  2 ufetubi (D:4)
  2 dart slugs
  2 ribbon worms
  8 orcs
  13 ball pythons
  10 endoplasms
  5 giant cockroaches
  4 hobgoblins
  8 kobolds
  5 quokkas
  6 bats
  A frilled lizard (D:1)
  23 goblins
  8 rats
118 creatures vanquished.

Notes
Turn   | Place    | Note
-------+----------+-------------------------------------------
     0 | D:1      | qw the Spriggan Hunter began the quest for the Orb.
     0 | D:1      | Reached XP level 1. HP: 10/10 MP: 2/2
     0 | D:1      | 0 ||| qw: Version: 0.3-a-155-g5e7d8dd
     0 | D:1      | 0 ||| qw: Game counter: 2578
     0 | D:1      | 0 ||| qw: Melee chars always use a shield: true
     0 | D:1      | 0 ||| qw: God list: Okawaru
     0 | D:1      | 0 ||| qw: Allow faded altars: false
     0 | D:1      | 0 ||| qw: Do Orc after clearing Dungeon:15 true
     0 | D:1      | 0 ||| qw: Do second Lair branch before Depths: true
     0 | D:1      | 0 ||| qw: Lair rune preference: random
     0 | D:1      | 0 ||| qw: Goals: Normal
     0 | D:1      | 0 ||| PLANNING D:1-11
    76 | D:1      | Reached skill level 3 in Dodging
   149 | D:1      | Reached XP level 2. HP: 14/14 MP: 3/3
   475 | D:1      | 475 ||| READING 2 scrolls labelled VAOPPI XUZXAB.
   475 | D:1      | 475 ||| IDENTIFYING amethyst potion
   476 | D:1      | 476 ||| DROPPING scroll of butterflies.
   477 | D:1      | 477 ||| DROPPING potion of ambrosia.
   559 | D:2      | 559 ||| RETREEEEATING.
   562 | D:2      | Reached XP level 3. HP: 18/18 MP: 4/4
   566 | D:2      | Noticed Robin
   579 | D:2      | Killed Robin
   591 | D:2      | 591 ||| FLEEEEING.
   592 | D:2      | 592 ||| FLEEEEING.
   593 | D:2      | 593 ||| FLEEEEING.
   595 | D:2      | 595 ||| FLEEEEING.
   596 | D:2      | 596 ||| FLEEEEING.
   597 | D:2      | 597 ||| FLEEEEING.
   598 | D:2      | 598 ||| FLEEEEING.
   599 | D:2      | 599 ||| FLEEEEING.
   600 | D:2      | 600 ||| FLEEEEING.
   601 | D:2      | 601 ||| FLEEEEING.
   602 | D:2      | 602 ||| FLEEEEING.
   603 | D:2      | 603 ||| FLEEEEING.
   604 | D:2      | 604 ||| FLEEEEING.
   608 | D:2      | 608 ||| FLEEEEING.
   609 | D:2      | 609 ||| FLEEEEING.
   610 | D:2      | 610 ||| FLEEEEING.
   611 | D:2      | 611 ||| FLEEEEING.
   614 | D:2      | 614 ||| STAIRDANCE
   844 | D:2      | Reached XP level 4. HP: 22/22 MP: 5/5
   970 | D:2      | Noticed Jessica
   974 | D:2      | Killed Jessica
  1066 | D:2      | 1066 ||| FLEEEEING.
  1067 | D:2      | 1067 ||| FLEEEEING.
  1068 | D:2      | 1068 ||| FLEEEEING.
  1137 | D:2      | Found a faded altar of an unknown god.
  1211 | D:2      | 1211 ||| READING 3 scrolls of identify.
  1211 | D:2      | 1211 ||| IDENTIFYING viscous silvery potion
  1212 | D:2      | 1212 ||| READING 2 scrolls of identify.
  1212 | D:2      | 1212 ||| IDENTIFYING emerald potion
  1213 | D:2      | 1213 ||| READING scroll of identify.
  1213 | D:2      | 1213 ||| IDENTIFYING fuming clear potion
  1214 | D:2      | 1214 ||| READING scroll labelled WOUPYF YVAFUGUTT.
  1315 | D:2      | 1315 ||| DROPPING potion of magic.
  1683 | D:3      | 1683 ||| FLEEEEING.
  1684 | D:3      | 1684 ||| FLEEEEING.
  1685 | D:3      | 1685 ||| FLEEEEING.
  1686 | D:3      | 1686 ||| FLEEEEING.
  1687 | D:3      | 1687 ||| FLEEEEING.
  1688 | D:3      | 1688 ||| FLEEEEING.
  1689 | D:3      | 1689 ||| FLEEEEING.
  1690 | D:3      | 1690 ||| FLEEEEING.
  1691 | D:3      | 1691 ||| FLEEEEING.
  1692 | D:3      | 1692 ||| FLEEEEING.
  1696 | D:3      | 1696 ||| STAIRDANCE
  1711 | D:3      | 1711 ||| STAIRDANCE
  1719 | D:3      | 1719 ||| STAIRDANCE
  1763 | D:3      | 1763 ||| STAIRDANCE
  1772 | D:2      | Reached XP level 5. HP: 24/26 MP: 6/6
  1781 | D:3      | 1781 ||| DRINKING glowing coppery potion.
  1805 | D:3      | HP: 3/26 [orc wizard/magic dart (6)]
  1821 | D:3      | 1821 ||| FLEEEEING.
  2087 | D:3      | Reached skill level 6 in Ranged Weapons
  2094 | D:3      | Found a glowing golden altar of the Shining One.
  2252 | D:4      | Noticed an ogre
  2262 | D:4      | Killed an ogre
  2263 | D:4      | Reached skill level 6 in Dodging
  2263 | D:4      | Reached XP level 6. HP: 30/30 MP: 7/7
  2803 | D:4      | 2803 ||| READING scroll labelled GIVEKH DACUI.
  2926 | D:5      | Entered Level 5 of the Dungeon
  3071 | D:5      | Reached XP level 7. HP: 35/35 MP: 8/8
  3317 | D:5      | 3317 ||| READING scroll of identify.
  3317 | D:5      | 3317 ||| IDENTIFYING smoky amethyst potion
  3318 | D:5      | 3318 ||| READING scroll labelled LUSUFI MORATAC.
  3318 | D:5      | 3318 ||| ENCHANTING +0 shortbow.
  3319 | D:5      | 3319 ||| READING scroll labelled ORROCV GEASK.
  3331 | D:6      | Noticed Prince Ribbit
  3338 | D:6      | 3338 ||| FLEEEEING.
  3350 | D:6      | 3350 ||| STAIRDANCE
  3486 | D:5      | Noticed a troll
  3497 | D:5      | Slain by a troll

Levels and vault maps discovered:
D:1:      dpeg_arrival_snail, layout_rooms
D:2:      layout_loops_ring, hellmonk_ecumenical_altar_inner_sanctum,
          uniq_robin, uniq_jessica
D:3:      layout_basic, nicolae_tso_carved_into_rock, minmay_surrounded
D:4:      layout_basic, chequers_serial_rivers_micro_d
D:5:      minmay_inner_zag, layout_loops_cross, saegor_snake_ambush
D:6:      layout_loops_ring, mainiacjoe_overflow_concentric_impassable,
          mainiacjoe_overflow_catwalk_spiral, worldfamousw_hep_ancestral_shrine,
          uniq_prince_ribbit1

Skill      XL: |  1  2  3  4  5  6  7 |
---------------+----------------------+-----
Dodging        | 3 4 5 6 7 |  7.1
Ranged Weapons | 5 6 7 |  7.3
Fighting       | 2 |  2.0
Stealth        | |  1.5

Action                     |  1- 3 |  4- 6 |  7- 9 || total
---------------------------+-------+-------+-------++-------
   Fire: Shortbow          |   112 |   230 |    61 ||   403
    Use: Scroll            |     1 |     5 |     3 ||     9
         Potion            |       |     1 |       ||     1
 Armour: Robe              |    15 |    30 |     7 ||    52
  Dodge: Dodged            |    23 |   110 |    38 ||   171

Table legend:
 A = Non-vault XP
 B = Vault XP
 C = Vault XP percentage of total XP
 D = Non-vault monster count
 E = Vault monster count
 F = Vault count percentage of total count
                 A         B        C        D         E       F
            +---------+---------+-------+---------+---------+-------
      Total |     767 |     225 |  22.7 |      95 |      23 |  19.5
            +---------+---------+-------+---------+---------+-------
        D:1 |      32 |       0 |   0.0 |      21 |       0 |   0.0
        D:2 |      86 |      70 |  44.9 |      21 |      12 |  36.4
        D:3 |     128 |      15 |  10.5 |      26 |       6 |  18.8
        D:4 |     357 |       0 |   0.0 |      22 |       0 |   0.0
        D:5 |     164 |     140 |  46.1 |       5 |       5 |  50.0
            +---------+---------+-------+---------+---------+-------
